 Dungeon Crawl Stone Soup version 0.32-a0-38-gb04dd89b9b (webtiles) character file.

Game seed: 15726832255929573014

186 seren the Trooper (level 5, 0/59 HPs)
             Began as an Oni Berserker on Jan 23, 2024.
             Was a Believer of Trog.
             Slain by an orc wizard
             ... wielding a +2 dagger of protection
              (4 damage)
             ... on level 2 of the Dungeon.
             The game lasted 00:04:41 (2388 turns).

seren the Trooper (Oni Berserker)                   Turns: 2388, Time: 00:04:41

Health: 0/59       AC:  3    Str: 23    XL:     5   Next: 66%
Magic:  5/5        EV: 10    Int:  8    God:    Trog [**....]
Gold:   48         SH:  0    Dex:  8    Spells: 4/4 levels left

rFire   . . .        a - +0 hand axe
rCold   . . .        (no shield)
rNeg    . . .        b - +0 animal skin
rPois   .            (helmet restricted)
rElec   .            (no cloak)
rCorr   .            (gloves unavailable)
SInv    .            (boots unavailable)
Will    .....        (no amulet)
Stlth   +            (no ring)
HPRegen 0.29/turn    (no ring)
MPRegen 0.09/turn

%: clarity
@: confused, attractive
A: large, unfitting armour, horns 1, tough skin 1, double potion healing,
drunken brawling, clarity, subdued magic 1
a: Renounce Religion, Berserk, Trog's Hand


You were on level 2 of the Dungeon.
You worshipped Trog.
Trog was pleased with you.
You visited 1 branch of the dungeon, and saw 3 of its levels.

You collected 48 gold pieces.

Inventory:

Hand Weapons
 a - a +0 hand axe (weapon)
Armour
 b - a +0 animal skin (worn)
Wands
 j - a wand of flame (14)
 k - a wand of polymorph (12)
Scrolls
 d - a scroll of revelation
 h - a scroll of vulnerability {unknown}
 l - a scroll of identify {unknown}
Potions
 c - a potion of attraction
 e - a potion of degeneration {unknown}
 f - 2 potions of mutation {!q}
 g - a potion of magic {unknown}
 i - a potion of invisibility {unknown}


   Skills:
 + Level 5.7 Fighting
 + Level 4.2 Axes
 + Level 3.9 Dodging


You had 4 spell levels left.
You didn't know any spells.
Your spell library was empty.

Dungeon Overview and Level Annotations

Branches:
Dungeon (3/15)

Altars:


Innate Abilities, Weirdness & Mutations

You are too large for most types of armour.
You have a pair of small horns on your head.
You have tough skin. (AC +1)
You gain doubled healing and magic from potions.
Whenever you drink a healing potion, you attack all around you.
You possess an exceptional clarity of mind.
Your spells are a little easier to cast, but a little less powerful.


Message History

You hit something. You hit the orc but do no damage.
You hit the giant cockroach but do no damage.
The giant cockroach bites you but does no damage.
The orc hits you with a +2 dagger of protection.
* * * LOW HITPOINT WARNING * * *
Something hits you.
* * * LOW HITPOINT WARNING * * *
You miss something. You hit the giant cockroach.
You kill the giant cockroach!
Trog accepts your kill.
You closely miss the orc.
The orc hits you with a +2 dagger of protection.
* * * LOW HITPOINT WARNING * * *
Something hits you.
* * * LOW HITPOINT WARNING * * *
You hit something. Your headbutt misses something. You hit the orc.
The orc closely misses you. Something hits you but does no damage.
You closely miss something. Your headbutt misses something.
You closely miss the orc.
The orc hits you with a +2 dagger of protection.
* * * LOW HITPOINT WARNING * * *
Something hits you.
* * * LOW HITPOINT WARNING * * *
You miss something. You hit the orc but do no damage.
The orc hits you with a +2 dagger of protection.
* * * LOW HITPOINT WARNING * * *
You hear some strange, mumbled words.
You are confused.
It was a potion of mutation.
You feel extremely strange.
Your connection to magic feels subdued.
Your thoughts seem clearer.
The orc hits you with a +2 dagger of protection.
* * * LOW HITPOINT WARNING * * *
Something hits you.
* * * LOW HITPOINT WARNING * * *
It was a potion of attraction.
You feel attractive to monsters.
The orc hits you with a +2 dagger of protection.
* * * LOW HITPOINT WARNING * * *
Something hits you.
You die...

######.#..# ### #.# #..###.#
#.)....#..# #.#####.#...##
#.####.#..#######.......######
#.# #........................
####.#
#.#...######.############
#....# #.....# #.# # #.####
#.#..## #.# ...##
#.#..#######.# ....###
#.#..##†@{...#
......###.#..##o####.#
.......#.....##.# #.#
.....#.......##.# #.#
####...#....###.####.###
##.###....>.........#
#.#####.##########.# #...# #.#
#.# ###.###.# #.#


You could see an orc.

Vanquished Creatures
  Natasha (thrice) (D:2)
  2 gnolls
  3 adders (D:2)
  A dart slug (D:1)
  A ribbon worm (D:2)
  9 ball pythons
  6 endoplasms
  A giant cockroach (D:2)
  6 hobgoblins
  8 jackals
  5 bats
  4 frilled lizards
  5 goblins
  3 kobolds (D:2)
  5 rats
62 creatures vanquished.

Notes
Turn   | Place    | Note
-------+----------+-------------------------------------------
     0 | D:1      | seren the Oni Berserker began the quest for the Orb.
     0 | D:1      | Reached XP level 1. HP: 24/24 MP: 1/1
   199 | D:1      | You fall into a shaft and drop 1 floor!
   222 | D:1      | Reached XP level 2. HP: 27/32 MP: 2/2
   735 | D:1      | Reached XP level 3. HP: 33/40 MP: 3/3
  1167 | D:2      | Reached ** piety under Trog
  1225 | D:2      | Noticed Natasha
  1242 | D:2      | Killed Natasha
  1243 | D:2      | Reached skill level 5 in Fighting
  1243 | D:2      | Reached XP level 4. HP: 33/50 MP: 4/4
  1244 | D:2      | Found a faded altar of an unknown god.
  1412 | D:2      | Noticed Natasha
  1461 | D:2      | Killed Natasha
  1541 | D:2      | Reached XP level 5. HP: 40/57 MP: 5/5
  1681 | D:2      | Noticed Natasha
  1684 | D:2      | Killed Natasha
  2387 | D:2      | Gained mutation: Your spells are a little easier to cast,
                  | but a little less powerful. [potion of mutation]
  2387 | D:2      | Gained mutation: You possess an exceptional clarity of
                  | mind. [potion of mutation]
  2388 | D:2      | Slain by an orc wizard

Illustrated notes

Levels and vault maps discovered:
D:1:      dpeg_arrival_triangle_fractal, layout_basic, minmay_misc_feat_ornament
D:2:      layout_loops_ring, ebering_ecumenical_altar_mist, uniq_natasha
D:3:      kennysheep_goblin_castle, layout_loops_ring, minivault_25,
          dk_vineyard_3

Skill      XL: |  1  2  3  4 |
---------------+-------------+-----
Dodging        | 3 |  3.9
Fighting       | 5 |  5.7
Axes           | 4 |  4.2

Action                     |  1- 3 |  4- 6 || total
---------------------------+-------+-------++-------
  Melee: Hand axe          |   101 |    96 ||   197
         Headbutt          |    15 |    11 ||    26
         Punch             |     2 |     1 ||     3
         Unarmed           |       |     5 ||     5
 Invoke: Berserk           |     1 |     1 ||     2
         Trog's Hand       |     1 |     1 ||     2
    Use: Potion            |       |     2 ||     2
         Scroll            |       |     1 ||     1
 Armour: Animal skin       |    71 |    82 ||   153
  Dodge: Dodged            |    66 |    55 ||   121

Table legend: (Time is in decaauts)
 A = Elapsed time spent in this place.
 B = Non-inter-level travel time spent in this place.
 C = Inter-level travel time spent in this place.
 D = Time resting spent in this place.
 E = Time spent auto-exploring this place.
 F = Levels seen in this place.
 G = Mean time per level.
                   A        B        C        D        E       F      G
               +--------+--------+--------+--------+--------+-----+--------+
         Total |   2426 |   2317 |    109 |    202 |   1541 |   3 |  808.7 |
       Dungeon |   2426 |   2317 |    109 |    202 |   1541 |   3 |  808.7 |
               +--------+--------+--------+--------+--------+-----+--------+

Top non-repeatable levels by time:
     D:2: 1119 daAuts
     D:1: 1101 daAuts
     D:3: 205 daAuts
